 Dungeon Sprint DCSS version 0.17-a0-1939-ga475588 (webtiles) character file.

2432 ololoev the Severer (level 9, -1/92 HPs)
             Began as a Minotaur Fighter on Sept 29, 2015.
             Was an Initiate of Okawaru.
             Slain by a death yak (26 damage)
             ... in the Dungeon (Sprint II: "The Violet Keep of Menkaure").
             The game lasted 00:03:48 (574 turns).

ololoev the Severer (Minotaur Fighter)               Turns: 574, Time: 00:03:48

Health: -1/92      AC:  9    Str: 24    XL:     9   Next: 24%
Magic:  8/8        EV: 10    Int:  5    God:    Okawaru [......]
Gold:   138        SH:  0    Dex: 10    Spells: 0 memorised, 8 levels left

rFire  . . .     SeeInvis +     c - +0 battleaxe "Ogre's Demise" {chop, rPois} (curse)
rCold  . . .     Clarity  .     b - +0 scale mail
rNeg   . . .     SustAt   .     (no shield)
rPois  +         Gourm    .     (helmet restricted)
rElec  .         Spirit   .     (no cloak)
rCorr  .         Warding  .     (no gloves)
rMut   .         NoTele   +     (no boots)
MR     .....                    (no amulet)
Stlth  ..........               (no ring)
                                a - ring of see invisible

@: very slightly contaminated, hasted (expiring), very quick, not resistant to
hostile enchantments, extremely unstealthy
A: retaliatory headbutt, horns 2, mutation resistance 1
a: Renounce Religion


Innate Abilities, Weirdness & Mutations

You reflexively headbutt those who attack you in melee.
You have a pair of horns on your head.
You are somewhat resistant to further mutation.

Inventory:

Hand weapons
 c - the cursed +0 battleaxe "Ogre's Demise" (weapon) {chop, rPois}
   (You bought it in a shop in the Dungeon)

   It inflicts extra damage upon your enemies.
   It protects you from poison.
   It has a curse placed upon it.
Armour
 b - a +0 scale mail (worn)
Jewellery
 a - a ring of see invisible (left hand)
Scrolls
 k - a scroll of blinking
Potions
 i - 2 potions of magic
Comestibles
 d - a chunk of flesh
 e - a bread ration


   Skills:
 + Level 12.9 Fighting
 * Level 16.9 Axes
 + Level 12.9 Armour
   Level 3.6 Shields


You had 8 spell levels left.
You didn't know any spells.
You were in the Dungeon. You worshipped Okawaru. Okawaru was noncommittal. You were not hungry. You visited 1 branch You collected 1053 gold pieces. You spent 915 gold pieces at shops. §§S§§ +++#+++## .. ........# .. .##+##..# #. ##...##.#### +.### #..#).#....# ...#### ##...####..#####..##.# $([ ###'###.##..#$.Y..#..#▓!($[!?! .##.##...#..#"!#@.#..#▓?!$$(?= #'.<.'###'..####..##.#▓[?$(![[ .##.##...#....###...##▓▓▓▓▓▓▓+ ###'###.##......≈≈≈)≈≈≈≈≈≈≈≈≈. ##.######≈≈...§.≈#†########+## #.##..#≈≈≈≈≈≈≈..≈#÷...._._#§≈§ ##.††##≈≈≈≈§≈≈≈.≈#...._._.#§§§ ≈##+##≈≈≈≈≈§≈§≈§≈#..._._._#≈≈§ ≈≈≈≈≈≈≈≈≈≈≈§≈§§§≈#.._._._.#§§§

Notes
Turn   | Place    | Note
--------------------------------------------------------------
     0 | D        | ololoev the Minotaur Fighter began the quest for the Orb.
     0 | D        | Reached XP level 1. HP: 19/19 MP: 0/0
     7 | D        | Noticed a hippogriff
     7 | D        | Noticed a hippogriff
    11 | D        | Noticed a boulder beetle
    11 | D        | Noticed a boulder beetle
    14 | D        | Noticed a brain worm
    19 | D        | Killed a brain worm
    19 | D        | Reached skill level 5 in Fighting
    19 | D        | Reached skill level 7 in Axes
    19 | D        | Reached skill level 5 in Armour
    19 | D        | Reached XP level 2. HP: 23/30 MP: 1/1
    19 | D        | Reached XP level 3. HP: 28/37 MP: 2/2
    19 | D        | Reached XP level 4. HP: 33/44 MP: 3/3
    21 | D        | Noticed a brain worm
    23 | D        | Killed a brain worm
    23 | D        | Reached skill level 8 in Axes
    24 | D        | Noticed a brain worm
    24 | D        | Noticed a brain worm
    26 | D        | Killed a brain worm
    26 | D        | Reached skill level 9 in Axes
    26 | D        | Reached XP level 5. HP: 36/53 MP: 4/4
    30 | D        | Killed a brain worm
    30 | D        | Reached skill level 10 in Axes
   137 | D        | Noticed Roxanne
   154 | D        | Noticed a siren
   159 | D        | Killed a siren
   159 | D        | Reached skill level 12 in Axes
   159 | D        | Reached XP level 6. HP: 60/66 MP: 5/5
   159 | D        | Reached XP level 7. HP: 64/71 MP: 6/6
   168 | D        | Killed a hippogriff
   168 | D        | Reached skill level 10 in Fighting
   168 | D        | Reached skill level 13 in Axes
   168 | D        | Reached skill level 10 in Armour
   171 | D        | Killed a hippogriff
   176 | D        | Found Neefruogh's Jewellery Shop.
   177 | D        | Found Tobo's Antique Weapon Boutique.
   177 | D        | Found Sill's Gadget Shop.
   177 | D        | Found Yvu Fal's Distillery.
   177 | D        | Found Cutz's Antique Armour Boutique.
   177 | D        | Found Vocazokk's Book Shop.
   177 | D        | Found Jocur's Distillery.
   177 | D        | Found Ukhlaiteonk's Assorted Antiques.
   177 | D        | Found Dobacreus's Weapon Boutique.
   177 | D        | Found Widyfi's Jewellery Shop.
   177 | D        | Found Nolis's Antique Weapon Boutique.
   178 | D        | Found Turghuw's Antique Weapon Shop.
   178 | D        | Found Cuseggil's Magic Scroll Boutique.
   178 | D        | Noticed a black bear
   179 | D        | Found Qoawkot's Antique Armour Boutique.
   179 | D        | Found Okasseos's Food Shop.
   179 | D        | Noticed a black bear
   180 | D        | Noticed a crocodile
   180 | D        | Noticed a black bear
   180 | D        | Noticed an oklob plant
   181 | D        | Noticed a polar bear
   181 | D        | Found Vinkuj's Book Shoppe.
   181 | D        | Noticed a polar bear
   184 | D        | Killed a crocodile
   184 | D        | Reached skill level 14 in Axes
   189 | D        | Bought a jewelled battleaxe for 195 gold pieces
   189 | D        | Identified the cursed +0 battleaxe "Ogre's Demise" {chop, rPois} (You bought it in a shop in the Dungeon)
   192 | D        | Noticed a hippogriff
   192 | D        | Noticed a hippogriff
   193 | D        | Noticed a hippogriff
   200 | D        | Bought an uncursed ring of see invisible for 180 gold pieces
   203 | D        | Bought a potion of beneficial mutation for 350 gold pieces
   203 | D        | Gained mutation: You are somewhat resistant to further mutation. [potion of beneficial mutation]
   248 | D        | Killed a boulder beetle
   248 | D        | Reached XP level 8. HP: 36/82 MP: 7/7
   260 | D        | Bought a crude cloak for 190 gold pieces
   265 | D        | Identified the +0 cloak "Canoit" {+Fly rPois rF- Dex+3} (You bought it in a shop in the Dungeon)
   292 | D        | Killed Menkaure
   476 | D        | Noticed a blink frog
   481 | D        | Killed a blink frog
   499 | D        | Noticed a lava snake
   500 | D        | Noticed a lava snake
   500 | D        | Noticed a lava snake
   500 | D        | Noticed a lava snake
   511 | D        | Noticed a crocodile
   512 | D        | Found a white marble altar of Elyvilon.
   513 | D        | Found a blossoming altar of Fedhas.
   513 | D        | Found a burning altar of Makhleb.
   513 | D        | Found a basalt altar of Yredelemnul.
   514 | D        | Killed a crocodile
   514 | D        | Reached skill level 15 in Axes
   515 | D        | Found an iron altar of Okawaru.
   515 | D        | Found a viscous altar of Jiyva.
   515 | D        | Found a shadowy altar of Dithmenos.
   516 | D        | Found a stormy altar of Qazlal.
   516 | D        | Found a shimmering altar of Xom.
   516 | D        | Found a glowing golden altar of the Shining One.
   517 | D        | Found a sparkling altar of Nemelex Xobeh.
   517 | D        | Found a roughly hewn altar of Beogh.
   518 | D        | Found a corrupted altar of Lugonu.
   518 | D        | Found a radiant altar of Vehumet.
   518 | D        | Found a sacrificial altar of Ru.
   518 | D        | Found a glowing silver altar of Zin.
   518 | D        | Noticed a polar bear
   519 | D        | Noticed a polar bear
   519 | D        | Noticed a wasp
   520 | D        | Found a snail-covered altar of Cheibriados.
   520 | D        | Found an opulent altar of Gozag.
   520 | D        | Found a deep blue altar of Sif Muna.
   520 | D        | Noticed a yaktaur
   521 | D        | Noticed a polar bear
   521 | D        | Found a bloodstained altar of Trog.
   521 | D        | Found an ancient bone altar of Kikubaaqudgha.
   527 | D        | Killed a polar bear
   530 | D        | Killed a polar bear
   535 | D        | Killed a polar bear
   535 | D        | Reached skill level 16 in Axes
   542 | D        | Killed a boulder beetle
   542 | D        | Reached XP level 9. HP: 49/91 MP: 8/8
   543 | D        | Killed a wasp
   546 | D        | Killed a yaktaur
   550 | D        | Noticed a crocodile
   551 | D        | Noticed a crocodile
   551 | D        | Became a worshipper of Warmaster Okawaru
   568 | D        | Noticed a death yak
   574 | D        | Slain by a death yak

Dungeon Overview and Level Annotations

Branches:
Dungeon (1/1)

Altars:
Cheibriados
Dithmenos
Elyvilon
Fedhas
Gozag
Kikubaaqudgha
Makhleb
Nemelex Xobeh
Okawaru
Qazlal
Ru
Sif Muna
Trog
Vehumet
Xom
Yredelemnul
Zin
The Shining One
Beogh
Jiyva
Lugonu

Shops:
D :?((:!(![%*}(=[=

Annotations:
D exclusion: oklob plant, Roxanne


Message History

You hear a splash. x3
Found four items.
Found a naga barding and a scroll of blinking.
There is a blossoming altar of Fedhas here.
Found four items.
There is an iron altar of Okawaru here.
You kneel at the altar of Okawaru.
Okawaru welcomes you!
Read which item? (? for menu, Esc to quit)
Okay, then.
You see here a polar bear corpse.
You butcher the polar bear corpse.
d - a chunk of flesh You see here a polar bear skeleton.
There is an open door, spattered with blood here.
Things that are here:
a wasp corpse; a boulder beetle corpse You enter the shallow water.
Moving in this stuff is going to be slow.
You now have 138 gold pieces (gained 81).
Things that are here:
an arbalest; 10 bolts; a yaktaur corpse You open the door.
A death yak comes into view.
Found 81 gold pieces.
The death yak gores you!
Found a potion of might and a dented silver amulet.
There is an open door, spattered with blood here.
You barely miss the death yak. You headbutt the death yak.
The death yak is lightly wounded.
The death yak gores you!!
You hit the death yak but do no damage. You headbutt the death yak.
The death yak is lightly wounded.
Drink which item? (? for menu, Esc to quit)
You feel better.
Your extra speed is starting to run out.
You barely miss the death yak. You headbutt the death yak!
The death yak is moderately wounded.
The death yak gores you!!
You die...

You could see a death yak.

Vanquished Creatures
  A siren (D)
  A yaktaur (D)
  3 polar bears (D)
  A blink frog (D)
  2 boulder beetles (D)
  2 hippogriffs (D)
  2 crocodiles (D)
  A wasp (D)
  4 brain worms (D)
17 creatures vanquished.

Vanquished Creatures (others)
  Menkaure (D)
1 creature vanquished.

Grand Total: 18 creatures vanquished

Action                   |  1- 3 |  4- 6 |  7- 9 || total
-------------------------+-------+-------+-------++-------
Melee: War axe           |     4 |     9 |     6 ||    19
       Battleaxe         |       |       |    40 ||    40
  Use: Potion            |       |     1 |     5 ||     6

Vault maps used:
D:        the_violet_keep_of_menkaure
